 Dungeon Crawl Stone Soup version 0.29.1-13-g9f3cf754e1 (webtiles) character file.

Game seed: 17606168250300154305

149 xian the Magician (level 5, -7/35 HPs)
             Began as a Djinni Air Elementalist on Jan 29, 2023.
             Mangled by an ogre
             ... wielding a +0 giant spiked club
              (36 damage)
             ... on level 4 of the Dungeon.
             The game lasted 00:07:08 (3853 turns).

xian the Magician (Djinni Air Elementalist)         Turns: 3853, Time: 00:07:11

Health: -7/35      AC:  4    Str:  7    XL:     5   Next: 57%
Gold:   183        EV: 12    Int: 19    God:
                   SH:  0    Dex: 13

rFire   + + +      SeeInvis .   f - +0 short sword
rCold   x x .      Faith    +   (no shield)
rNeg    + . .      Spirit   .   k - +0 leather armour
rPois   ∞          Reflect  .   c - +0 helmet
rElec   .          Harm     .   (no cloak)
rCorr   .          Rampage  .   (no gloves)
Will    .....                   (boots unavailable)
Stlth   ++........              s - amulet of faith
HPRegen 0.11/turn               n - ring of fire
MPRegen 0.00/turn               p - ring of positive energy

@: flying, very slightly contaminated
A: sickness immunity, fire resistance 2, cold vulnerability 1, float, innate
caster, HP casting, extra vitality 1
a: no special abilities


You were on level 4 of the Dungeon.
You visited 1 branch of the dungeon, and saw 4 of its levels.

You collected 183 gold pieces.

Inventory:

Hand Weapons
 f - a +0 short sword (weapon)
Missiles
 e - 3 datura-tipped darts
Armour
 a - a +2 robe of fire resistance
 c - a +0 helmet (worn)
 k - a +0 leather armour (worn)
 q - a +0 ring mail
Magical Staves
 l - a staff of fire
Jewellery
 n - a ring of fire (left hand)
 p - a ring of positive energy (right hand)
 s - an amulet of faith (around neck)
Scrolls
 b - a scroll of poison {unknown}
 h - a scroll of teleportation {unknown}
 i - 4 scrolls of identify {unknown}
 j - a scroll of magic mapping {unknown}
 t - a scroll of amnesia {unknown}
 u - a scroll of enchant weapon {unknown}
Potions
 d - a potion of curing {unknown}
 g - a potion of lignification {unknown}
 m - a potion of cancellation {unknown}
 o - 2 potions of mutation {unknown}
 r - a potion of heal wounds {unknown}


   Skills:
 + Level 0.2 Fighting
 + Level 0.2 Short Blades
 * Level 1.4 Armour
 + Level 2.6 Dodging
 + Level 2.0 Stealth
 + Level 3.9 Spellcasting


You couldn't memorise any spells.
You knew the following spells:

 Your Spells              Type           Power      Damage    Failure   Level
a - Shock                 Conj/Air       72%        1d7       4%          1
b - Static Discharge      Conj/Air       18%        3-6/arc   6%          2
c - Swiftness             Air            18%        N/A       12%         3
d - Airstrike             Air            9%         2d(2-18)  36%         4
e - Freeze                Ice            72%        1d9       4%          1
f - Ensorcelled Hibernat  Hex/Ice        36%        N/A       6%          2
Your spell library was empty.

Dungeon Overview and Level Annotations

Branches:
Dungeon (4/15)
 Temple: D:4-7

Altars:
Xom

Shops:
D:3 :

Annotations:
D:3 1 runed translucent door, javelincjr's ghost, amateur DrAE


Innate Abilities, Weirdness & Mutations

You are immune to sickness and miasma.
You are immune to poison.
Your flesh is very heat resistant. (rF++)
You are vulnerable to cold. (rC-)
You float through the air rather than walking.
You learn spells naturally, not from books.
Your magical power is your life essence.
You have superior vitality. (+4 MHP)


Message History

Confirm with . or Enter, or press ? or * to list all spells.
The scorpion is struck by an arc of lightning.
The scorpion is almost dead.
You are struck by an arc of lightning.
The lightning grounds out.
The scorpion barely misses you. The scorpion stings you.
Unknown command.
Casting: Static Discharge (safe; 7% risk of failure)
Confirm with . or Enter, or press ? or * to list all spells.
The scorpion is struck by an arc of lightning!
You kill the scorpion!
You are struck by an arc of lightning.
The lightning grounds out.
Your Armour skill increases to level 1!
Your Stealth skill increases to level 2!
You have reached level 5!
The power to cast Ensorcelled Hibernation wells up from within.
Spell assigned to 'f'.
Your magical contamination has completely faded away.
You see here a scorpion corpse.
You now have 183 gold pieces (gained 13).
There is a stone staircase leading down here.
An ogre comes into view. It is wielding a +0 giant spiked club.
The ogre shouts!
The zap misses the ogre.
The zap hits the ogre.
The ogre is lightly wounded.
The zap hits the ogre.
The ogre is moderately wounded.
The zap hits the ogre.
The ogre is heavily wounded.
There is a stone staircase leading down here.
The zap hits the ogre.
The ogre is severely wounded.
Casting: Shock (safe; 4% risk of failure)
Confirm with . or Enter, or press ? or * to list all spells.
You miscast Static Discharge.
You are very lightly contaminated with residual magic.
Nothing appears to happen.
The ogre hits you with a +0 giant spiked club!!!
Ouch! That really hurt!
You die...

#......+....##.†...##
#......#....##.....##
#......###'###......#
#####>.......#......#
#........#......#
#...†....#..<..##
#........#.....#
#O.......#.....#
#@.......#.....+
#........#.....#
#........#.....#
#........#.....#
#........#.....#
#........# #........
#........


You could see an ogre.

Vanquished Creatures
  A scorpion (D:4)
  2 adders
  A worm (D:2)
  A dart slug (D:2)
  5 orcs (D:3)
  5 ball pythons
  4 endoplasms (D:2)
  6 giant cockroaches
  2 goblins
  7 hobgoblins
  8 jackals
  5 quokkas
  2 bats
  4 frilled lizards
  3 kobolds (D:1)
  5 rats
61 creatures vanquished.

Notes
Turn   | Place    | Note
-------+----------+-------------------------------------------
     0 | D:1      | xian the Djinni Air Elementalist began the quest for the
                  | Orb.
     0 | D:1      | xian set off with the following spells memorised: Shock,
                  | Static Discharge, Swiftness, Airstrike.
     0 | D:1      | Reached XP level 1. HP: 15/15 MP: 0/0
    50 | D:1      | Found a faded altar of an unknown god.
   302 | D:1      | Reached XP level 2. HP: 19/21 MP: 0/0
  1146 | D:2      | Reached skill level 3 in Spellcasting
  1254 | D:2      | Reached XP level 3. HP: 19/25 MP: 0/0
  1254 | D:2      | Learned a level 1 spell: Freeze
  1940 | D:2      | Found a shimmering altar of Xom.
  2117 | D:2      | Reached XP level 4. HP: 24/31 MP: 0/0
  2918 | D:3      | Noticed javelincjr's ghost (amateur DrAE)
  2919 | D:3      | Found a runed translucent door.
  3128 | D:3      | Found Peruarr's Book Shop.
  3640 | D:4      | Noticed a scorpion
  3647 | D:4      | Killed a scorpion
  3648 | D:4      | Reached skill level 1 in Armour
  3648 | D:4      | Reached XP level 5. HP: 15/35 MP: 0/0
  3648 | D:4      | Learned a level 2 spell: Ensorcelled Hibernation
  3838 | D:4      | Noticed an ogre
  3853 | D:4      | Mangled by an ogre

Illustrated notes

Levels and vault maps discovered:
D:1:      minmay_arrival_radiant_lines, layout_basic,
          dreamdust_ecumenical_altar_angels_and_demons
D:2:      layout_rooms, basic_altar, amethyst_killhole, minmay_small_reverse_x
D:3:      layout_rooms, serial_shops, nicolae_lakefront_shop,
          hellmonk_ghost_happy_afterlife
D:4:      layout_gridville, ebering_ghost_reflecting_pool, uniq_sigmund,
          uniq_natasha

Skill      XL: |  1  2  3  4 |
---------------+-------------+-----
Spellcasting   | 3 |  3.9
Armour         | 1 |  1.4
Stealth        | 2 |  2.0
Fighting       | |  0.2
Short Blades   | |  0.2
Dodging        | |  2.6

Action                   |  1- 3 |  4- 6 || total
-------------------------+-------+-------++-------
Melee: Short sword       |    18 |     5 ||    23
       Punch             |     1 |       ||     1
 Cast: Shock             |    49 |    44 ||    93
       Static Discharge  |     7 |     9 ||    16
Armor: Robe              |     3 |       ||     3
       Leather armour    |    10 |     3 ||    13
Dodge: Dodged            |    33 |    12 ||    45
